 Dungeon Crawl Stone Soup version 0.18.1-6-gd335043 (webtiles) character file.

350 zxpr0jk the Ruffian (level 6, -4/63 HPs)
             Began as a Troll Fighter on May 21, 2016.
             Slain by zxpr0jk's ghost (9 damage)
             ... on level 4 of the Dungeon.
             The game lasted 00:04:40 (2443 turns).

zxpr0jk the Ruffian (Troll Fighter)                 Turns: 2443, Time: 00:04:41

Health: -4/63      AC:  5    Str: 30    XL:     6   Next: 34%
Magic:  5/5        EV: 10    Int:  4    God:
Gold:   166        SH:  0    Dex: 11    Spells: 0 memorised, 5 levels left

rFire  . . .     SeeInvis .       - Unarmed
rCold  . . .     Gourm    +     a - +0 robe
rNeg   . . .     Faith    .     (no shield)
rPois  .         Spirit   .     (helmet restricted)
rElec  .         Dismiss  .     (no cloak)
rCorr  .         Reflect  .     (gloves unavailable)
SustAt .         Harm     .     (boots unavailable)
MR     .....                    (no amulet)
Stlth  +.........               (no ring)
                                (no ring)

@: mighty, not resistant to hostile enchantments, very unstealthy
A: unfitting armour, claws 3, fast metabolism 3, gourmand, regeneration 2,
shaggy fur 1, tough skin 2
a: no special abilities


You were on level 4 of the Dungeon.
You were completely stuffed.

You visited 1 branch of the dungeon, and saw 4 of its levels.

You collected 166 gold pieces.

Inventory:

Armour
 a - a +0 robe (worn)
Jewellery
 h - an uncursed amulet of regeneration {unknown}
Scrolls
 b - 2 scrolls of identify {unknown}
 c - 2 scrolls of immolation {unknown}
 e - 2 scrolls of remove curse {unknown}
 i - a scroll of fear {unknown}
 j - a scroll of recharging {unknown}
 k - a scroll of noise {unknown}
 o - a scroll of fog {unknown}
 s - a scroll of enchant weapon {unknown}
Potions
 g - a potion of might
 l - a potion of flight {unknown}
 m - 3 potions of curing
 r - a potion of haste {unknown}
Comestibles
 d - 3 bread rations
 f - 5 fruits
 n - a meat ration
 p - a royal jelly


   Skills:
 + Level 4.6 Fighting
 - Level 2.4 Dodging
   Level 2.4 Shields
 + Level 4.8 Unarmed Combat


You had 5 spell levels left.
You didn't know any spells.

Dungeon Overview and Level Annotations

Branches:
Dungeon (4/15)
 Temple: D:4-7

Altars:

Annotations:
D:4 zxpr0jk's ghost, novice OgFi


Innate Abilities, Weirdness & Mutations

You are too large for most types of armour.
You have claws for hands.
Your metabolism is lightning-fast.
You like to eat raw meat.
You heal very quickly.
You are covered in fur (AC +1).
You have very tough skin (AC +2).


Message History

Zxpr0jk's ghost barely misses you.
You claw zxpr0jk's ghost!
Zxpr0jk's ghost is severely damaged.
You claw zxpr0jk's ghost!
Zxpr0jk's ghost is almost destroyed.
Zxpr0jk's ghost hits you!
* * * LOW HITPOINT WARNING * * *
You completely miss zxpr0jk's ghost.
Zxpr0jk's ghost is almost destroyed.
Zxpr0jk's ghost closely misses you.
Unknown command.
Drink which item? (? for menu, Esc to quit)
Okay, then.
You barely miss zxpr0jk's ghost.
Zxpr0jk's ghost is almost destroyed.
Zxpr0jk's ghost hits you but does no damage.
You closely miss zxpr0jk's ghost. You claw zxpr0jk's ghost.
Zxpr0jk's ghost is almost destroyed.
Zxpr0jk's ghost hits you!
You die...

#######......####'
.............# #. #######
#[.........# #. ......)
#........### #.
.......###........######.
.....[...(...............
.........#.........######
.......#W#......>...#
.......#@#........#.##
.......#.#........#..#
.......#.#........##.##
.......#.#........##..#
##.#####%#........###.##
#. #.###.####.# #..# #.#
.. #. ###.## ..# #.....
#.....


You could see zxpr0jk's ghost.

Vanquished Creatures
  A howler monkey (D:4)
  An orc wizard (D:3)
  2 worker ants (D:4)
  Terence (D:2)
  7 gnolls (D:2)
  5 adders
  2 oozes (D:2)
  A dart slug (D:2)
  4 giant geckos
  8 orcs (D:3)
  7 bats
  7 giant cockroaches
  10 goblins
  5 hobgoblins
  3 jackals (D:4)
  A ball python (D:1)
  7 giant newts
  7 kobolds
  10 rats
89 creatures vanquished.

Notes
Turn   | Place    | Note
--------------------------------------------------------------
     0 | D:1      | zxpr0jk the Troll Fighter began the quest for the Orb.
     0 | D:1      | Reached XP level 1. HP: 22/22 MP: 0/0
   185 | D:1      | Reached XP level 2. HP: 29/29 MP: 1/1
   717 | D:2      | Reached XP level 3. HP: 33/37 MP: 2/2
   960 | D:2      | Reached XP level 4. HP: 40/45 MP: 3/3
  1037 | D:2      | Reached XP level 5. HP: 13/54 MP: 4/4
  1228 | D:2      | Noticed Terence
  1234 | D:2      | Killed Terence
  1625 | D:3      | Found a faded altar to an unknown god.
  2255 | D:4      | Reached XP level 6. HP: 62/63 MP: 5/5
  2419 | D:4      | Noticed zxpr0jk's ghost (novice OgFi)
  2440 | D:4      | HP: 3/63 [zxpr0jk's ghost (13)]
  2443 | D:4      | Slain by zxpr0jk's ghost

Skill      XL: |  1  2  3  4  5 |
---------------+----------------+-----
Fighting       | 3 4 |  4.6
Unarmed Combat | 3 4 |  4.8
Dodging        | |  2.4
Shields        | |  2.4

Action                   |  1- 3 |  4- 6 || total
-------------------------+-------+-------++-------
Melee: Unarmed           |    72 |   151 ||   223
       Punch             |     1 |     4 ||     5
  Use: Potion            |     1 |     5 ||     6
  Eat: Chunk             |     4 |    18 ||    22
       Fruit             |     1 |       ||     1
       Meat ration       |     1 |       ||     1
Armor: Robe              |    17 |    28 ||    45
Dodge: Dodged            |    36 |    69 ||   105
